 Dungeon Crawl Stone Soup version 0.32-a0-361-g289a535e89 (webtiles) character file.

Game seed: 4669747838124438692

26426 greenreed the Grappler (level 12, -3/124 HPs)
             Began as a Troll Shapeshifter on Feb 18, 2024.
             Was the Champion of Okawaru.
             Killed from afar by a frost giant (11 damage)
             ... with a bolt of cold
             ... on level 12 of the Dungeon.
             The game lasted 00:38:36 (11496 turns).

greenreed the Grappler (Troll Shapeshifter)        Turns: 11496, Time: 00:38:36

Health: -3/124     AC:  6    Str: 33    XL:     12   Next: 98%
Magic:  3/5        EV: 15    Int:  5    God:    Okawaru [******]
Gold:   888        SH:  0    Dex: 14    Spells: 11/11 levels left

rFire   + .          .
                       - Unarmed
rCold   + + +        (shield currently unavailable)
rNeg    . . .        R - +0 acid dragon scales
rPois   .            (helmet restricted)
rElec   +            w - +0 cloak
rCorr   +            (gloves unavailable)
SInv    +            (boots unavailable)
Will    .....        f - amulet of faith
Stlth   +++          t - ring of Buamuo {rElec rF+ rC+++ MP-9 Dex+6}
HPRegen 1.20/turn    r - +4 ring of slaying
MPRegen 0.09/turn

%: faith
@: blade hands, heroic
A: large, unfitting armour, (claws 3), regeneration 1, shaggy fur 1, tough skin
1, iridescent scales 1, see invisible, low MP 1, strong 1
a: Begin Untransformation, Renounce Religion, Heroism, Finesse, Duel, Receive
Weapon


You were on level 12 of the Dungeon.
You worshipped Okawaru.
Okawaru was exalted by your worship.
You had blades for hands.
You visited 2 branches of the dungeon, and saw 14 of its levels.
You also visited: Sewer and Bailey.

You collected 1049 gold pieces.
You spent 161 gold pieces at shops.

Inventory:

Hand Weapons
 D - the +11 morningstar of Friendship {venom, rElec rPois rC++}
   (You took it off a kobold brigand on level 8 of the Dungeon)

   rC++:      It greatly protects you from cold.
   rElec:     It insulates you from electricity.
   rPois:     It protects you from poison
Missiles
 E - 6 boomerangs
 G - 10 silver javelins (quivered)
 P - 4 curare-tipped darts
 Q - 3 atropa-tipped darts
 S - 11 javelins
Armour
 w - a +0 cloak (worn)
 K - the +0 hat "Jina" {Will+ Regen+ Int-5 Dex+2}
   (Okawaru gifted it to you in a bailey)

   Int-5:     It affects your intelligence (-5).
   Dex+2:     It affects your dexterity (+2).
   Will+:     It increases your willpower.
   Regen+:    It increases your rate of health regeneration.
 R - +0 acid dragon scales (worn)
Jewellery
 f - an amulet of faith (around neck)
 j - a ring of poison resistance
 r - a +4 ring of slaying (right blade hand)
 t - the ring of Buamuo (left blade hand) {rElec rF+ rC+++ MP-9 Dex+6}
   (You acquired it on level 12 of the Dungeon)

   [ring of protection from fire]

   Dex+6:     It affects your dexterity (+6).
   rF+:       It protects you from fire.
   rC+++:     It renders you almost immune to cold.
   rElec:     It insulates you from electricity.
   MP-9:      It affects your magic capacity (-9).
 V - a ring of positive energy
Talismans
 b - a blade talisman (active)
 c - a beast talisman
 d - a flux talisman
Wands
 h - a wand of polymorph (8)
 o - a wand of mindburst (4)
 v - a wand of flame (18)
 x - a wand of paralysis (14)
 B - a wand of light (5)
 M - a wand of iceblast (19)
Scrolls
 a - a scroll of immolation {unknown}
 e - 4 scrolls of revelation
 i - 2 scrolls of enchant weapon {unknown}
 k - 2 scrolls of noise {unknown}
 n - 4 scrolls of teleportation
 p - a scroll of silence {unknown}
 u - a scroll of fog {unknown}
 y - 2 scrolls of vulnerability {unknown}
 A - 2 scrolls of enchant armour {unknown}
 H - 2 scrolls of blinking {unknown}
 J - a scroll of brand weapon {unknown}
 T - 2 scrolls of fear {unknown}
 U - 4 scrolls of amnesia
Potions
 g - a potion of haste {unknown}
 l - 3 potions of might
 m - 3 potions of mutation
 q - 4 potions of attraction
 s - 3 potions of enlightenment
 C - a potion of heal wounds
 F - 2 potions of ambrosia
 I - 2 potions of resistance {unknown}
 L - a potion of magic {unknown}
 O - a potion of invisibility {unknown}
Miscellaneous
 z - a lightning rod (4/4)
 N - a phial of floods (inert)


   Skills:
 + Level 9.4(14.4) Fighting
 + Level 7.7(12.7) Dodging
 + Level 11.3(16.3) Unarmed Combat
 + Level 7.6 Invocations
 * Level 10.1 Shapeshifting


You had 11 spell levels left.
You didn't know any spells.
Your spell library contained the following spells:

 Spells                   Type           Power      Damage    Failure   Level
 Kiss of Death            Conj/Necr      0%         2d5       52%         1
 Sting                    Conj/Alch      0%         1d3       52%         1
 Mercury Vapours          Alch/Air       0%         N/A       67%         2
 Confusing Touch          Hex            0%         N/A       88%         3
 Dazzling Flash           Conj/Hex       0%         N/A       88%         3
 Inner Flame              Hex/Fire       0%         N/A       88%         3
 Sigil of Binding         Hex            0%         N/A       88%         3
 Volatile Blastmotes      Fire/Tloc      0%         2d10      88%         3
 Dimensional Bullseye     Hex/Tloc       0%         N/A       99%         4
 Dispel Undead            Necr           0%         3d6       99%         4
 Flame Wave               Conj/Fire      0%         2d4       99%         4
 Olgreb's Toxic Radiance  Alch           0%         N/A       99%         4
 Sticky Flame             Fire/Alch      0%         2d4       99%         4
 Irradiate                Conj/Alch      0%         3d11      100%        5
 Starburst                Conj/Fire      0%         6d3       100%        6
 Ignition                 Fire           0%         3d3       100%        8
 Maxwell's Capacitive Co  Air            0%         ∞         100%        8
 Call Canine Familiar     Summ           Unusable   N/A       N/A         3

Dungeon Overview and Level Annotations

Branches:
Dungeon (13/15)            Temple (1/1) D:5            Lair (0/5) D:9
    Orc (0/2) D:12          Sewer (visited)          Bailey (visited)
 Vaults: D:13-14

Altars:
Ashenzari
Cheibriados
Dithmenos
Elyvilon
Fedhas
Gozag
Hepliaklqana
Kikubaaqudgha
Makhleb
Nemelex Xobeh
Okawaru
Qazlal
Ru
Sif Muna
Trog
Uskayaw
Vehumet
Wu Jian
Xom
Yredelemnul
Zin
The Shining One
Beogh

Shops:
D:3 =   D:5 *(!*   D:9 :


Innate Abilities, Weirdness & Mutations

You have blades for hands.
You are incapable of wielding weapons or throwing items.
You are too large for most types of armour.
((You have claws for hands.))
Your natural rate of healing is unusually fast.
You are covered in fur. (AC +1)
You have tough skin. (AC +1)
You are partially covered in iridescent scales. (AC +2)
You have supernaturally acute eyesight. (SInv)
Your magical capacity is low. (-10% MP)
Your muscles are strong. (Str +4, Int/Dex -1)


Message History

Unknown command.
Unknown command.
The crystal guardian barely misses you.
The frost giant hits you with a +1 battleaxe of freezing!!
The frost giant freezes you.
You climb upwards.
There is a stone staircase leading down, spattered with blood here.
Unknown command.
Unknown command.
Unknown command.
You gain the combat prowess of a mighty hero.
The crystal guardian fires a crystalline bolt at you.
The crystal bolt misses you.
The frost giant hits you with a +1 battleaxe of freezing!!
Unknown command.
Unknown command.
Okay, then.
Unknown command.
Unknown command.
The frost giant attacks as it pursues you!
The frost giant closely misses you.
The frost giant attacks as it pursues you!
The frost giant hits you with a +1 battleaxe of freezing!!
* * * LOW HITPOINT WARNING * * *
The frost giant freezes you.
* * * LOW HITPOINT WARNING * * *
There is a stone staircase leading up, spattered with blood here.
Unknown command.
Unknown command.
You feel much better.
The crystal guardian hits you but does no damage.
The frost giant casts a spell at you. The bolt of cold hits you. You resist.
* * * LOW HITPOINT WARNING * * *
Unknown command.
The crystal guardian hits you!!
* * * LOW HITPOINT WARNING * * *
The frost giant gestures at you while chanting.
The bolt of cold hits you! You resist.
You die...

####### #.....# ######
###.###.### #.....
#.........#####|##..
########.####..#..#..#.....
#...........>.....#..#..#.#
#.######.#.C.)....#.....#..
#.# #....#<9............#..
#.###.####@#........<......
#.....#....#..#..#.........
#######.##....#............
#....#..#.....##.#.##
#....'..#...####.#...
#....#..#...####.#...
######..#).......#...
#..#..#######...
#..#.....#....#.


You could see a frost giant and a crystal guardian.

Vanquished Creatures
  A fire giant (D:12)
  A minotaur (D:11)
  An ettin (D:12)
  An entropy weaver (shapeshifter) (D:13)
  2 vault guards (Bailey)
  A hydra (D:12)
  The ghost of DeathSocks the Nimble, a journeyman VSBr of Gozag (D:10)
  3 centaur warriors
  2 boulder beetles (D:13)
  A tengu warrior (D:13)
  2 two-headed ogres
  Urug (D:13)
  A flayed ghost (D:13)
  Maurice (D:9)
  A manticore (D:13)
  3 cyclopes (D:11)
  A meliai (D:12)
  An elephant (D:9)
  Joseph (D:8)
  An unseen horror (D:12)
  2 kobold demonologists
  4 trolls
  A hornet (D:9)
  Grinder (D:3)
  Prince Ribbit (Bailey)
  4 slime creatures
  3 shadows
  A wraith (D:12)
  2 wyverns
  7 humans (Bailey)
  2 basilisks
  3 yaks
  Grum (D:8)
  5 vampire mosquitoes
  Menkaure (D:6)
  A steam dragon (D:7)
  Edmund (D:5)
  2 acid dragons
  2 water moccasins
  Duvessa (D:6)
  6 orc warriors
  An ice beast (D:7)
  A black bear (D:9)
  2 ogres (D:7)
  2 wolves (D:9)
  A centaur (D:7)
  2 phantoms
  9 kobold brigands
  Blork the orc (D:6)
  11 bullfrogs
  4 gnoll sergeants
  4 scorpions
  10 wights
  Dowan (D:6)
  4 electric eels (D:6)
  3 howler monkeys
  8 orc priests
  3 hounds
  An iguana (D:5)
  Crazy Yiuf (D:3)
  15 orc wizards
  25 gnolls
  A river rat (Sewer)
  6 adders
  4 shadow imps (D:5)
  An ufetubus (D:6)
  2 dart slugs
  2 ribbon worms
  55 orcs
  4 endoplasms
  2 giant cockroaches
  10 goblins
  13 hobgoblins
  7 jackals (D:2)
  2 quokkas (D:1)
  10 ball pythons
  2 bats
  5 frilled lizards
  61 kobolds
  10 rats
384 creatures vanquished.

Vanquished Creatures (others)
  An ufetubus (D:6)
1 creature vanquished.

Grand Total: 385 creatures vanquished

Notes
Turn   | Place    | Note
-------+----------+-------------------------------------------
     0 | D:1      | greenreed the Troll Shapeshifter began the quest for the
                  | Orb.
     0 | D:1      | Reached XP level 1. HP: 18/18 MP: 0/0
   144 | D:1      | Reached skill level 1 in Fighting
   152 | D:1      | Reached XP level 2. HP: 27/27 MP: 1/1
   582 | D:2      | Reached XP level 3. HP: 33/33 MP: 2/2
   794 | D:2      | Reached XP level 4. HP: 42/42 MP: 3/3
  1162 | D:3      | Found an iron altar of Okawaru.
  1187 | D:3      | Reached skill level 4 in Unarmed Combat
  1188 | D:3      | Became a worshipper of Warmaster Okawaru
  1303 | D:3      | Reached XP level 5. HP: 47/47 MP: 4/4
  1329 | D:3      | Found Leabb's Jewellery Shop.
  1335 | D:3      | Bought a ring of see invisible for 150 gold pieces
  1564 | D:3      | Found a runed translucent door.
  1565 | D:3      | Noticed Crazy Yiuf
  1571 | D:3      | Killed Crazy Yiuf
  1625 | D:3      | Found a sacrificial altar of Ru.
  1738 | D:3      | Found a snail-covered altar of Cheibriados.
  1738 | D:3      | Found a blossoming altar of Fedhas.
  1815 | D:3      | Noticed Grinder
  1822 | D:3      | Killed Grinder
  1822 | D:3      | Reached * piety under Okawaru
  1823 | D:3      | Reached skill level 5 in Unarmed Combat
  1823 | D:3      | Reached XP level 6. HP: 52/61 MP: 5/5
  1917 | D:3      | Found a shadowy altar of Dithmenos.
  2040 | D:4      | Found a glowing drain.
  2053 | Sewer    | Entered a sewer
  2127 | Sewer    | Reached XP level 7. HP: 57/67 MP: 6/6
  2148 | Sewer    | Found a white marble altar of Elyvilon.
  2349 | D:5      | Entered Level 5 of the Dungeon
  2349 | D:5      | Found Leholocw's General Store.
  2390 | D:5      | Reached skill level 1 in Invocations
  2451 | D:5      | Found a staircase to the Ecumenical Temple.
  2457 | D:5      | Found Bivuqiap's Antique Weapon Shop.
  2466 | Temple   | Entered the Ecumenical Temple
  2530 | D:5      | Found Aschenoqe's Distillery.
  2547 | D:5      | Bought a potion of degeneration for 11 gold pieces
  2559 | D:5      | Found Yvuenn's Assorted Antiques.
  2699 | D:5      | Noticed Edmund
  2710 | D:5      | Killed Edmund
  2710 | D:5      | Reached ** piety under Okawaru
  2958 | D:5      | Reached skill level 6 in Unarmed Combat
  2958 | D:5      | Reached XP level 8. HP: 68/79 MP: 8/8
  3082 | D:5      | Found a burning altar of Makhleb.
  3243 | D:6      | Noticed Blork the orc
  3256 | D:6      | Killed Blork the orc
  3283 | D:6      | Noticed Dowan
  3283 | D:6      | Noticed Duvessa
  3296 | D:6      | Killed Duvessa
  3300 | D:6      | Killed Dowan
  3425 | D:6      | Identified the +10 falchion of Pehutor {vamp, Str+3}
  3559 | D:6      | Reached *** piety under Okawaru
  3560 | D:6      | Reached skill level 5 in Fighting
  3617 | D:6      | Noticed Menkaure
  3679 | D:6      | Killed Menkaure
  3858 | D:6      | Reached skill level 7 in Unarmed Combat
  3886 | D:6      | Reached skill level 5 in Shapeshifting
  3941 | D:6      | Reached XP level 9. HP: 83/88 MP: 10/10
  4570 | D:7      | Reached **** piety under Okawaru
  4585 | D:7      | Found a white marble altar of Elyvilon.
  4857 | D:7      | Reached skill level 8 in Unarmed Combat
  5107 | D:7      | Found an opulent altar of Gozag.
  5582 | D:8      | Noticed Joseph
  5583 | D:8      | Paralysed by Joseph for 5 turns
  5609 | D:8      | Paralysed by Joseph for 2 turns
  5695 | D:8      | Found a shimmering blue altar of Sif Muna.
  5886 | D:8      | Paralysed by Joseph for 5 turns
  5898 | D:8      | Paralysed by Joseph for 3 turns
  5902 | D:8      | Killed Joseph
  5903 | D:8      | Reached XP level 10. HP: 30/100 MP: 9/12
  6326 | D:8      | Identified the +11 morningstar of Friendship {venom, rElec
                  | rPois rC++}
  6336 | D:8      | Reached skill level 5 in Dodging
  6384 | D:8      | Found a stormy altar of Qazlal.
  6401 | D:8      | Reached ***** piety under Okawaru
  6438 | D:9      | Noticed Maurice
  6452 | D:9      | Killed Maurice
  6480 | D:9      | Found a staircase to the Lair.
  6480 | D:9      | Noticed an elephant
  6480 | D:9      | Noticed Grum
  6503 | D:8      | Killed Grum
  6503 | D:8      | Received a gift from Okawaru
  6538 | D:9      | Found Zosamy's Book Shoppe.
  6590 | D:9      | Killed an elephant
  6608 | D:9      | Reached skill level 9 in Unarmed Combat
  6627 | D:9      | Noticed a centaur warrior
  6660 | D:9      | Found a transporter.
  6692 | D:9      | Received a gift from Okawaru
  6712 | D:9      | Found a flagged portal.
  6716 | D:9      | Identified the flux talisman of Zenofuun {+Blink Stlth+}
  6721 | Bailey   | Entered a bailey
  6733 | Bailey   | Reached skill level 5 in Invocations
  6914 | Bailey   | Noticed Prince Ribbit
  6914 | Bailey   | Noticed a vault guard
  6933 | Bailey   | Killed a vault guard
  6934 | Bailey   | Reached XP level 11. HP: 71/111 MP: 12/14
  6944 | Bailey   | Killed Prince Ribbit
  7041 | Bailey   | Noticed a vault guard
  7052 | Bailey   | Killed a vault guard
  7052 | Bailey   | Reached ****** piety under Okawaru
  7052 | Bailey   | Received a gift from Okawaru
  7056 | Bailey   | Acquired the +0 hat "Jina" {Will+ Regen+ Int-5 Dex+2}
  7056 | Bailey   | Received a gift from Okawaru
  7237 | D:9      | Reached skill level 10 in Unarmed Combat
  7420 | D:9      | Found a transporter.
  7619 | D:9      | Killed a centaur warrior
  7679 | D:10     | Entered Level 10 of the Dungeon
  7692 | D:10     | Found a hazy altar of Hepliaklqana.
  7739 | D:10     | Found a large runed translucent door.
  7830 | D:10     | Received a gift from Okawaru
  7902 | D:10     | Noticed a two-headed ogre
  7912 | D:10     | Killed a two-headed ogre
  8062 | D:10     | Found a large runed translucent door.
  8081 | D:10     | Found an ornate altar of the Wu Jian Council.
  8211 | D:10     | Noticed DeathSocks's ghost (journeyman VSBr)
  8223 | D:10     | Killed DeathSocks's ghost
  8223 | D:10     | Received a gift from Okawaru
  8526 | D:11     | Noticed a soul eater
  8769 | D:11     | Received a gift from Okawaru
  8770 | D:11     | Reached XP level 12. HP: 87/122 MP: 15/15
  8860 | D:11     | Found a runed translucent door.
  9087 | D:11     | Gained mutation: You have supernaturally acute eyesight.
                  | (SInv) [potion of mutation]
  9087 | D:11     | Gained mutation: You are partially covered in iridescent
                  | scales. (AC +2) [potion of mutation]
  9087 | D:11     | Gained mutation: Your magical capacity is low. (-10% MP)
                  | [potion of mutation]
  9087 | D:11     | Gained mutation: Your muscles are strong. (Str +4, Int/Dex
                  | -1) [potion of mutation]
  9195 | D:11     | Noticed a minotaur
  9203 | D:11     | Killed a minotaur
  9434 | D:12     | Found a staircase to the Orcish Mines.
  9608 | D:12     | Noticed a two-headed ogre
  9615 | D:12     | Killed a two-headed ogre
  9751 | D:12     | Found a roughly hewn altar of Beogh.
  9765 | D:12     | Received a gift from Okawaru
  9908 | D:13     | Noticed a four-headed hydra
  9963 | D:13     | Noticed a centaur warrior
  9975 | D:13     | Killed a centaur warrior
 10047 | D:13     | Noticed a tengu warrior
 10060 | D:13     | Killed a tengu warrior
 10238 | D:13     | Noticed a boulder beetle
 10242 | D:13     | Noticed a centaur warrior
 10247 | D:13     | Killed a boulder beetle
 10248 | D:13     | Reached skill level 11 in Unarmed Combat
 10253 | D:13     | Killed a centaur warrior
 10253 | D:13     | Received a gift from Okawaru
 10292 | D:13     | Noticed an entropy weaver
 10298 | D:13     | Killed an entropy weaver
 10381 | D:13     | Noticed Urug
 10409 | D:12     | Killed a five-headed hydra
 10501 | D:12     | Identified a scroll of acquirement
 10502 | D:12     | Acquired the ring of Buamuo {rElec rF+ rC+++ MP-9 Dex+6}
 10517 | D:13     | Killed Urug
 10583 | D:13     | Noticed a boulder beetle
 10600 | D:13     | Killed a boulder beetle
 10600 | D:13     | Received a gift from Okawaru
 10659 | D:13     | Found a huge runed translucent gate.
 10659 | D:13     | Found a huge runed translucent gate.
 10659 | D:13     | Found a huge runed translucent gate.
 10659 | D:13     | Found a huge runed translucent gate.
 10660 | D:13     | Found a huge runed translucent gate.
 10660 | D:13     | Found a huge runed translucent gate.
 10661 | D:13     | Found a huge runed translucent gate.
 10662 | D:13     | Found a huge runed translucent gate.
 10663 | D:13     | Found a huge runed translucent gate.
 10665 | D:13     | Found a huge runed translucent gate.
 10666 | D:13     | Found a huge runed translucent gate.
 10667 | D:13     | Found a huge runed translucent gate.
 10668 | D:13     | Found a huge runed translucent gate.
 10669 | D:13     | Found a huge runed translucent gate.
 10669 | D:13     | Found a huge runed translucent gate.
 10672 | D:13     | Found a huge runed translucent gate.
 10674 | D:13     | Found a huge runed translucent gate.
 10675 | D:13     | Found a huge runed translucent gate.
 10675 | D:13     | Found a huge runed translucent gate.
 10675 | D:13     | Found a huge runed translucent gate.
 10677 | D:13     | Found a huge runed translucent gate.
 10678 | D:13     | Found a huge runed translucent gate.
 10679 | D:13     | Found a huge runed translucent gate.
 10679 | D:13     | Found a huge runed translucent gate.
 10713 | D:13     | Found a huge runed translucent gate.
 10714 | D:13     | Found a huge runed translucent gate.
 10714 | D:13     | Found a huge runed translucent gate.
 10714 | D:13     | Found a huge runed translucent gate.
 10714 | D:13     | Found a huge runed translucent gate.
 10716 | D:13     | Found a huge runed translucent gate.
 10717 | D:13     | Found a huge runed translucent gate.
 10731 | D:13     | Found a huge runed translucent gate.
 10731 | D:13     | Found a huge runed translucent gate.
 10735 | D:13     | Found a huge runed translucent gate.
 10736 | D:13     | Found a huge runed translucent gate.
 10737 | D:13     | Found a huge runed translucent gate.
 11039 | D:13     | Noticed a tengu reaver
 11039 | D:13     | Noticed a frost giant
 11039 | D:13     | Noticed a fire giant
 11039 | D:13     | Noticed a sphinx
 11039 | D:13     | Noticed a storm dragon
 11040 | D:13     | Noticed a boulder beetle
 11040 | D:13     | Noticed an ettin
 11040 | D:13     | Noticed a stone giant
 11040 | D:13     | Noticed a tengu reaver
 11040 | D:13     | Noticed a vampire knight
 11040 | D:13     | Noticed a crystal guardian
 11081 | D:12     | Killed a fire giant
 11082 | D:12     | Reached skill level 10 in Shapeshifting
 11247 | D:12     | Killed an ettin
 11496 | D:12     | Killed from afar by a frost giant

Illustrated notes

Levels and vault maps discovered:
D:1:      scummos_arrival_gate, layout_basic
D:2:      layout_loops_cross, st_stairs_13, hangedman_feature_mirror
D:3:      layout_loops_ring, nicolae_overflow_crystal_walls,
          mainiacjoe_overflow_chevrons, amethyst_overflow_temple_binary,
          nicolae_ru_awakened_eye, serial_shops, shop, uniq_grinder,
          uniq_crazy_yiuf_cottage
D:4:      minmay_clustersquares, layout_rooms, cheibrodos_sewer_entry_bend
D:5:      layout_loops_ring, kennysheep_mini_moat,
          minmay_temple_entry_crystal_x, serial_shops, shop, shop,
          nicolae_shop_dealshenge, shop, kennysheep_minor_cross, uniq_edmund
D:6:      minmay_goblin_kobold_castle, layout_cave_pools,
          amcnicky_mini_rare_corridor_liquid, uniq_duvessa, uniq_menkaure,
          uniq_blork_the_orc
D:7:      layout_layer_cave, elyvilon_altar_1, nicolae_gozag_seed_capital
D:8:      layout_basic, kennysheep_little_box, lemuel_tele_altar, minivault_27,
          uniq_joseph
D:9:      gammafunk_the_bubble [the_bubble_gammafunk_split], layout_cave_pools,
          david_lair_generic, serial_shops, shop, enter_bailey_2,
          minmay_misc_feat_doors, uniq_maurice, uniq_grum
D:10:     layout_rooms, mainiacjoe_overflow_surrounded_room,
          mainiacjoe_overflow_brackets, ebering_ghost_disaster_area,
          hangedman_decor_slide_cut
D:11:     dreamdust_labyrinth, layout_irregular_city
D:12:     layout_basic, minmay_orc_entry_temple_small
D:13:     layout_small_grid, door_vault, uniq_urug
Temple:   nicolae_temple_ecumenical_triangle

Skill      XL: |  1  2  3  4  5  6  7  8  9 10 11 12 |
---------------+-------------------------------------+-----
Fighting       | 1 2 3 4 5 6 7 8 9 |  9.4
Dodging        | 2 3 4 5 6 7 |  7.7
Unarmed Combat | 4 5 6 7 8 9 10 11 | 11.3
Shapeshifting  | 4 5 6 8 10 | 10.1
Invocations    | 1 3 4 5 6 7 |  7.6

Action                     |  1- 3 |  4- 6 |  7- 9 | 10-12 || total
---------------------------+-------+-------+-------+-------++-------
  Melee: Unarmed           |    75 |   101 |   343 |   461 ||   980
         Punch             |     2 |     1 |    12 |    26 ||    41
  Throw: Javelin           |       |       |       |     3 ||     3
 Invoke: Heroism           |       |       |     2 |     5 ||     7
         Receive Armour    |       |       |       |     1 ||     1
         Finesse           |       |       |       |     1 ||     1
  Evoke: Wand              |       |       |       |    18 ||    18
         Phial of floods   |       |       |       |     1 ||     1
    Use: Potion            |       |       |     1 |     4 ||     5
         Scroll            |       |       |       |    10 ||    10
   Stab: Sleeping          |       |       |     1 |       ||     1
         Paralysed         |       |       |       |     5 ||     5
         Invisible         |       |       |       |     2 ||     2
 Armour: Animal skin       |    36 |    69 |   219 |       ||   324
         Skin              |       |       |    31 |       ||    31
         Steam dragon scal |       |       |    18 |   147 ||   165
         Acid dragon scale |       |       |       |   279 ||   279
  Dodge: Dodged            |    33 |    51 |   138 |   226 ||   448
   Form: Blade             |       |       |       |     3 ||     3
         Beast             |       |       |       |     3 ||     3
                           |       |       |       |     2 ||     2
         Flux              |       |       |       |     2 ||     2

Table legend: (Time is in decaauts)
 A = Elapsed time spent in this place.
 B = Non-inter-level travel time spent in this place.
 C = Inter-level travel time spent in this place.
 D = Time resting spent in this place.
 E = Time spent auto-exploring this place.
 F = Levels seen in this place.
 G = Mean time per level.
                   A        B        C        D        E       F      G
               +--------+--------+--------+--------+--------+-----+--------+
         Total |  11369 |  10767 |    602 |    700 |   7451 |  16 |  710.6 |
       Dungeon |  10842 |  10240 |    602 |    633 |   7161 |  13 |  834.0 |
        Temple |      1 |      1 |      0 |      0 |      0 |   1 |    1.0 |
         Sewer |    136 |    136 |      0 |      0 |    101 |   1 |  136.0 |
        Bailey |    389 |    389 |      0 |     67 |    189 |   1 |  389.0 |
               +--------+--------+--------+--------+--------+-----+--------+

Top non-repeatable levels by time:
     D:6: 1166 daAuts
     D:7: 1153 daAuts
    D:12: 1099 daAuts
    D:11: 1074 daAuts
    D:13: 1023 daAuts
     D:8: 845 daAuts
     D:3: 819 daAuts
     D:5: 798 daAuts
     D:9: 779 daAuts
     D:2: 652 daAuts
    D:10: 583 daAuts
     D:1: 514 daAuts
  Bailey: 389 daAuts
     D:4: 332 daAuts
   Sewer: 136 daAuts
